AoeStats
← WakoTabacco

Golden Pit

508182067Analyzed
1v1 RM · 10d ago on Sep 21, 2026· 27m 51s· 2 players
Game mode
Random Map
Map size
Tiny (2 player)
Population
200
Speed
Normal
Resources
Standard
Victory
Conquest
Starting age
Dark Age
Ending age
Imperial Age
RankedLock teamsTeams togetherTeam positionsShared explorationLock speedFull tech treeHidden civsTurbo modeCheats
Victory
Defeat
🇫🇷 Vikings · France
1660
+22
🇦🇺 Magyars · Australia
1795
-22
Le Soldat Rouge
6:24 Loom
9:36 Feudal Age
10:15 Horse Collar
10:23 Double-Bit Axe
19:38 Castle Age
18:05 Gold Mining
19:08 Fletching
20:38 Bow Saw
20:26 Bodkin Arrow
20:32 Padded Archer Armor
20:02 Crossbowman
23:03 Ballistics
22:59 Leather Archer Armor
24:21 Heavy Plow
WakoTabacco
5:05 Loom
9:24 Feudal Age
9:58 Double-Bit Axe
11:34 Horse Collar
19:54 Castle Age
19:14 Gold Mining
20:42 Wheelbarrow
20:50 Bow Saw
20:35 Fletching
20:48 Husbandry
22:49 Bodkin Arrow
27:06 Town Watch
Connection lost

Rejoining the realm…

Still unreachable

The connection could not be restored.

Session expired

The server has moved on; the page needs a fresh start.